 Dungeon Sprint DCSS version 0.26-a0-708-g17f3b190f9 (webtiles) character file.

Game seed: 3662982750475718117

13221 mhtbhm the Bludgeoner (level 11, -2/127 HPs)
             Began as a Troll Berserker on Oct 27, 2020.
             Was the Champion of Trog.
             Slain by an iron troll (25 damage)
             ... in the Dungeon (Sprint IX: "|||||||||||||||||||||||||||||").
             The game lasted 00:02:54 (1229 turns).

mhtbhm the Bludgeoner (Troll Berserker)             Turns: 1229, Time: 00:02:55

Health: -2/127     AC: 12    Str: 34    XL:     11   Next: 72%
Magic:  3/3        EV: 15    Int:  1    God:    Trog [******]
Gold:   1291       SH:  0    Dex:  9    Spells: 10/10 levels left

rFire    . . .     SeeInvis .   a - +12 giant club of the Lamprey {antimagic, Str+4}
rCold    . . .     Faith    .   (shield currently unavailable)
rNeg     . . .     Spirit   .   b - +1 robe {MR+}
rPois    .         Reflect  .   (helmet restricted)
rElec    .         Harm     .   l - +0 cloak
rCorr    .         Rampage  .   (gloves unavailable)
MR       +....     NoTele   +   (boots unavailable)
Stlth    +.........             (no amulet)
HPRegen  0.71/turn              m - +2 ring of protection
MPRegen  0.08/turn              n - +2 ring of protection

@: berserk cooldown, slowed, very slow
A: large, unfitting armour, claws 3, talons 1, blink, blurry vision 1, dopey 1,
regeneration 1, shaggy fur 1, tough skin 3
a: Blink, Berserk, Trog's Hand, Brothers in Arms, Renounce Religion


You were in the Dungeon.
You worshipped Trog.
Trog was exalted by your worship.
You visited 1 branch You collected 1291 gold pieces.

Inventory:

Hand Weapons
 a - the +12 giant club of the Lamprey (weapon) {antimagic, Str+4}
   (Trog gifted it to you in the Dungeon)

   It reduces the magical energy of the wielder, and disrupts the spells and
   magical abilities of those hit.
   Natural abilities and divine invocations are not affected.
   It affects your strength (+4).
Armour
 b - a +1 robe of magic resistance (worn)
 l - a +0 cloak (worn)
Jewellery
 m - a +2 ring of protection (left claw)
 n - a +2 ring of protection (right claw)
Wands
 k - a wand of acid (5)
Scrolls
 h - 4 scrolls of blinking
 j - 3 scrolls of remove curse
 p - a scroll of immolation
 q - 4 scrolls of enchant weapon
 r - a scroll of fear
Potions
 c - 8 potions of curing
 d - 2 potions of heal wounds
 e - a potion of haste
 f - 4 potions of magic
 g - 2 potions of berserk rage
 i - a potion of invisibility
 o - a potion of stabbing


   Skills:
 + Level 13.5 Fighting
 + Level 17.3 Maces & Flails
 + Level 12.9 Dodging
 + Level 0.9 Stealth
 + Level 2.3 Evocations


You had 10 spell levels left.
You didn't know any spells.
Your spell library was empty.

Dungeon Overview and Level Annotations

Branches:
Dungeon (1/1)

Altars:
Cheibriados
Dithmenos
Elyvilon
Fedhas
Gozag
Hepliaklqana
Kikubaaqudgha
Makhleb
Nemelex Xobeh
Okawaru
Qazlal
Ru
Sif Muna
Trog
Uskayaw
Vehumet
Wu Jian
Xom
Yredelemnul
Zin
The Shining One
Beogh
Jiyva
Lugonu

Shops:
D ((


Innate Abilities, Weirdness & Mutations

You are too large for most types of armour.
You have claws for hands.
Your natural rate of healing is unusually fast.
You are covered in fur. (AC +1)
You have extremely tough skin. (AC +3)
You have sharp toenails.
You can translocate small distances at will.
Scrolls take you a little longer to read.
You are dopey. (Int -2)


Message History

The troll bites you but does no damage. The troll claws you!
The troll claws you but does no damage.
You bludgeon the troll!!
You kill the troll!
Trog accepts your kill.
The troll leather armour is intact enough to wear.
You sock the iron troll!
You claw the iron troll, but do no damage.
The iron troll is lightly wounded.
The iron troll bites you! The iron troll claws you! The iron troll claws you.
You hit the iron troll.
You claw the iron troll, but do no damage.
The iron troll is lightly wounded.
You bludgeon the iron troll!!
You claw the iron troll, but do no damage.
The iron troll is moderately wounded.
The iron troll bites you!!
* * * LOW HITPOINT WARNING * * *
The iron troll claws you!!
You die...

▓_▓.▓†▓.▓)▓
▓_▓.▓†▓.▓.▓
▓_▓.▓÷▓.▓.▓
▓_▓.▓.▓.▓.▓
▓_▓.▓.▓.▓.▓
▓_▓.▓.▓.▓.▓
▓_▓.▓)▓.▓)▓
▓'▓.▓†▓.▓(▓
▓.▓.▓)▓.▓@▓
▓?▓.▓†▓.▓T▓
▓)▓.▓.▓.▓$▓
▓)▓.▓.▓.▓$▓
▓[▓.▓.▓.▓∩▓
▓.▓.▓.▓.▓$▓
▓[▓.▓.▓.▓∩▓
▓.▓.▓.▓.▓$▓
▓.▓.▓[▓.▓


You could see an iron troll.

Vanquished Creatures
  A stone giant (D)
  2 hydras (D)
  An orc high priest (D)
  2 deep trolls (D)
  An unseen horror (D)
  3 orc knights (D)
  2 orc sorcerers (D)
  4 cane toads (D)
  A komodo dragon (D)
  A polar bear (D)
  5 trolls (D)
  2 tyrant leeches (D)
  3 blink frogs (D)
  3 basilisks (D)
  3 yaks (D)
  A vampire mosquito (D)
  5 water moccasins (D)
  8 orc warriors (D)
  A sky beast (D)
  An ice beast (D)
  A phantom (D)
  4 bullfrogs (D)
  2 wights (D)
  A howler monkey (D)
  An orc priest (D)
  2 orc wizards (D)
  A gnoll shaman (D)
  2 worker ants (D)
  A gnoll (D)
  A dart slug (D)
  A leopard gecko (D)
  9 orcs (D)
  A goblin (D)
  2 hobgoblins (D)
  A bat (D)
80 creatures vanquished.

Notes
Turn   | Place    | Note
-------+----------+-------------------------------------------
     0 | D        | mhtbhm the Troll Berserker began the quest for the Orb.
     0 | D        | Reached XP level 1. HP: 22/22 MP: 0/0
    11 | D        | Reached skill level 3 in Maces & Flails
    16 | D        | Reached ** piety under Trog
   127 | D        | Noticed a worker ant
   127 | D        | Noticed a phantom
   139 | D        | Reached XP level 2. HP: 31/31 MP: 1/1
   140 | D        | Reached *** piety under Trog
   145 | D        | Reached skill level 4 in Maces & Flails
   145 | D        | Reached XP level 3. HP: 39/39 MP: 2/2
   154 | D        | Killed a phantom
   154 | D        | Reached skill level 5 in Fighting
   154 | D        | Reached skill level 6 in Maces & Flails
   154 | D        | Reached skill level 5 in Dodging
   154 | D        | Reached XP level 4. HP: 35/50 MP: 3/3
   180 | D        | Found a roughly hewn altar of Beogh.
   180 | D        | Found a snail-covered altar of Cheibriados.
   180 | D        | Found a shadowy altar of Dithmenos.
   180 | D        | Found a white marble altar of Elyvilon.
   180 | D        | Found a blossoming altar of Fedhas.
   180 | D        | Found an opulent altar of Gozag.
   181 | D        | Found a hazy altar of Hepliaklqana.
   182 | D        | Found a viscous altar of Jiyva.
   183 | D        | Found an ancient bone altar of Kikubaaqudgha.
   184 | D        | Found a corrupted altar of Lugonu.
   185 | D        | Found a burning altar of Makhleb.
   186 | D        | Found a sparkling altar of Nemelex Xobeh.
   187 | D        | Found an iron altar of Okawaru.
   188 | D        | Found a stormy altar of Qazlal.
   189 | D        | Found a sacrificial altar of Ru.
   190 | D        | Found a shimmering blue altar of Sif Muna.
   191 | D        | Found a bloodstained altar of Trog.
   192 | D        | Found a hide-covered altar of Uskayaw.
   193 | D        | Found a radiant altar of Vehumet.
   194 | D        | Found an ornate altar of the Wu Jian Council.
   195 | D        | Found a shimmering altar of Xom.
   198 | D        | Found a basalt altar of Yredelemnul.
   199 | D        | Found a glowing silver altar of Zin.
   200 | D        | Found a glowing golden altar of the Shining One.
   247 | D        | Noticed a sky beast
   247 | D        | Noticed a water moccasin
   248 | D        | Reached **** piety under Trog
   248 | D        | Reached XP level 5. HP: 57/57 MP: 4/4
   256 | D        | Killed a sky beast
   256 | D        | Reached skill level 7 in Maces & Flails
   258 | D        | Reached XP level 6. HP: 68/68 MP: 5/5
   260 | D        | Killed a water moccasin
   260 | D        | Reached skill level 8 in Maces & Flails
   305 | D        | Noticed a yak
   305 | D        | Noticed an ice beast
   305 | D        | Noticed a troll
   309 | D        | Killed a yak
   309 | D        | Reached ***** piety under Trog
   309 | D        | Reached skill level 9 in Maces & Flails
   309 | D        | Reached XP level 7. HP: 78/78 MP: 6/6
   312 | D        | Received a gift from Trog
   319 | D        | Killed an unseen horror
   319 | D        | Reached skill level 10 in Maces & Flails
   319 | D        | Reached XP level 8. HP: 89/89 MP: 7/7
   320 | D        | Reached skill level 11 in Maces & Flails
   325 | D        | Killed a troll
   462 | D        | Gained mutation: You have sharp toenails. [potion of
                  | mutation]
   462 | D        | Gained mutation: You are dopey. (Int -2) [potion of
                  | mutation]
   462 | D        | Gained mutation: Scrolls take you a little longer to read.
                  | [potion of mutation]
   462 | D        | Gained mutation: You can translocate small distances at
                  | will. [potion of mutation]
   463 | D        | Noticed a cane toad
   470 | D        | Noticed a cane toad
   478 | D        | Killed a cane toad
   478 | D        | Reached skill level 12 in Maces & Flails
   478 | D        | Reached XP level 9. HP: 98/98 MP: 8/8
   480 | D        | Noticed a cane toad
   487 | D        | Reached skill level 10 in Dodging
   513 | D        | Killed a cane toad
   513 | D        | Reached skill level 13 in Maces & Flails
   517 | D        | Killed a cane toad
   517 | D        | Received a gift from Trog
   586 | D        | Noticed a five-headed hydra
   586 | D        | Noticed a polar bear
   586 | D        | Noticed a five-headed hydra
   591 | D        | Killed a five-headed hydra
   591 | D        | Reached skill level 10 in Fighting
   591 | D        | Reached skill level 14 in Maces & Flails
   592 | D        | Noticed a komodo dragon
   595 | D        | Killed a five-headed hydra
   595 | D        | Reached XP level 10. HP: 79/111 MP: 3/9
   598 | D        | Reached ****** piety under Trog
   607 | D        | Reached skill level 15 in Maces & Flails
   702 | D        | Received a gift from Trog
   712 | D        | Noticed a cane toad
   725 | D        | Killed a cane toad
   736 | D        | Received a gift from Trog
   736 | D        | Reached skill level 1 in Evocations
  1002 | D        | Noticed an orc knight
  1005 | D        | Noticed an orc sorcerer
  1015 | D        | Killed an orc knight
  1015 | D        | Received a gift from Trog
  1019 | D        | Killed an orc sorcerer
  1019 | D        | Reached skill level 16 in Maces & Flails
  1025 | D        | Reached XP level 11. HP: 123/123 MP: 3/10
  1033 | D        | Received a gift from Trog
  1104 | D        | Noticed an orc high priest
  1106 | D        | Noticed an orc sorcerer
  1108 | D        | Killed an orc high priest
  1114 | D        | Noticed an orc knight
  1115 | D        | Noticed an orc knight
  1118 | D        | Killed an orc sorcerer
  1121 | D        | Received a gift from Trog
  1129 | D        | Killed an orc knight
  1135 | D        | Killed an orc knight
  1150 | D        | Got a crystal giant club {god gift}
  1151 | D        | Identified the +12 giant club of the Lamprey {antimagic,
                  | Str+4} (Trog gifted it to you in the Dungeon)
  1200 | D        | Found Pics's Antique Weapon Emporium.
  1200 | D        | Noticed a deep troll
  1200 | D        | Noticed a deep troll
  1200 | D        | Noticed a stone giant
  1209 | D        | Received a gift from Trog
  1211 | D        | Killed a deep troll
  1212 | D        | Found Ukheffas's Weapon Shoppe.
  1216 | D        | Killed a deep troll
  1216 | D        | Reached skill level 17 in Maces & Flails
  1219 | D        | Noticed an iron troll
  1223 | D        | Killed a stone giant
  1229 | D        | Slain by an iron troll

Illustrated notes

Levels and vault maps discovered:
D:        linesprint [early_d, line_temple, items_1, d_10, items_2, lair_1,
          lair_end, items_3, orc_1, orc_end, items_4, d_15, swamp_1, shoals_1,
          snake_1, spider_1, d_20, vaults_1, items_5, swamp_end, shoals_end,
          snake_end, spider_end, vaults_end, d_27, items_6, zot_1, zot_end,
          crypt_end, forest_end, elf_end, slime_end, tomb_end, abyss_end,
          pan_hell_end]

Skill      XL: |  1  2  3  4  5  6  7  8  9 10 11 |
---------------+----------------------------------+-----
Maces & Flails | 3 4 6 7 9 10 12 14 16 17 | 17.3
Fighting       | 3 4 5 6 7 8 9 10 11 13 | 13.5
Dodging        | 3 5 6 7 8 9 11 12 | 12.9
Evocations     | 1 2 |  2.3
Stealth        | |  0.9

Action                   |  1- 3 |  4- 6 |  7- 9 | 10-12 || total
-------------------------+-------+-------+-------+-------++-------
Melee: Mace              |    41 |     5 |       |       ||    46
       Morningstar       |       |    23 |    63 |       ||    86
       Kick              |       |       |    16 |    42 ||    58
       Dire flail        |       |       |     7 |    70 ||    77
       Great mace        |       |       |       |    28 ||    28
       Giant club        |       |       |       |    25 ||    25
Invok: Berserk           |     1 |     2 |     2 |     4 ||     9
Evoke: Wand              |       |     1 |       |     4 ||     5
  Use: Potion            |       |       |     1 |     1 ||     2
Armor: Animal skin       |    15 |    10 |    24 |     4 ||    53
       Robe              |       |       |       |    11 ||    11
Dodge: Dodged            |    22 |    13 |    42 |    62 ||   139

Table legend: (Time is in decaauts)
 A = Elapsed time spent in this place.
 B = Non-inter-level travel time spent in this place.
 C = Inter-level travel time spent in this place.
 D = Time resting spent in this place.
 E = Time spent auto-exploring this place.
 F = Levels seen in this place.
 G = Mean time per level.
                   A        B        C        D        E       F      G
               +--------+--------+--------+--------+--------+-----+--------+
         Total |   1237 |   1237 |      0 |    455 |    165 |   1 | 1237.0 |
       Dungeon |   1237 |   1237 |      0 |    455 |    165 |   1 | 1237.0 |
               +--------+--------+--------+--------+--------+-----+--------+

Top non-repeatable levels by time:
       D: 1237 daAuts
